 Dungeon Crawl Stone Soup version 0.23.1 (webtiles) character file.

Game seed: 0

82 poirepourri the Magician (level 4, -1/24 HPs)
             Began as a Deep Elf Conjurer on Mar 3, 2019.
             Slain by Crazy Yiuf
             ... wielding a +2 quarterstaff of chaos
              (6 damage)
             ... on level 2 of the Dungeon.
             The game lasted 00:03:35 (1793 turns).

poirepourri the Magician (Deep Elf Conjurer)        Turns: 1793, Time: 00:03:37

Health: -1/24      AC:  2    Str:  5    XL:     4   Next: 21%
Magic:  11/14      EV: 13    Int: 21    God:
Gold:   89         SH:  0    Dex: 15    Spells: 1/15 levels left

rFire    . . .     SeeInvis .   b - +1 dagger (speed)
rCold    . . .     Gourm    .   (no shield)
rNeg     . . .     Faith    .   a - +0 robe
rPois    .         Spirit   .   (no helmet)
rElec    .         Reflect  .   (no cloak)
rCorr    .         Harm     .   (no gloves)
MR       .....                  (no boots)
Stlth    ++........             (no amulet)
HPRegen  0.08/turn              (no ring)
MPRegen  0.14/turn              (no ring)

@: lethally poisoned (-1 -> -25)
A: no striking features
a: no special abilities


You were on level 2 of the Dungeon.
You were not hungry.

You visited 1 branch of the dungeon, and saw 2 of its levels.

You collected 89 gold pieces.

Inventory:

Hand Weapons
 b - a +1 dagger of speed (weapon)
Armour
 a - a +0 robe (worn)
Scrolls
 d - 5 scrolls of teleportation {unknown}
 e - a scroll of enchant weapon {unknown}
 f - a scroll of immolation {unknown}
 g - a scroll of remove curse {unknown}
 i - 4 scrolls of identify {unknown}
 j - 3 scrolls of fear {unknown}
 l - 2 scrolls of blinking {unknown}
 n - 3 scrolls of amnesia {unknown}
 p - a scroll of magic mapping {unknown}
Potions
 c - a potion of agility {unknown}
 h - 3 potions of heal wounds {unknown}
 k - 2 potions of curing {unknown}
 m - 2 potions of invisibility {unknown}
 o - a potion of mutation {unknown}


   Skills:
 - Level 2.4 Dodging
 - Level 2.4 Stealth
 + Level 6.2 Spellcasting
 - Level 4.3 Conjurations


You had one spell level left.
You knew the following spells:

 Your Spells              Type           Power        Failure   Level  Hunger
a - Magic Dart            Conj           ###.         1%          1    None
b - Searing Ray           Conj           ###...       2%          2    None
c - Dazzling Spray        Conj/Hex       ###...       12%         3    #......
d - Iskenderun's Mystic   Conj           ###.....     16%         4    ###....
e - Force Lance           Conj/Tloc      ###.....     36%         4    ###....

Your spell library contained the following spells:

 Spells                   Type           Power        Failure   Level  Hunger
 Fulminant Prism          Conj/Hex       ###.......   36%         4    ###....


Dungeon Overview and Level Annotations

Branches:
Dungeon (2/15)

Altars:

Annotations:
D:2 Crazy Yiuf


Message History

Confirm with . or Enter, or press ? or * to list all spells.
Aiming: Searing Ray (safe; 2% risk of failure)
Press: ? - help, Shift-Dir - straight line, f - Crazy Yiuf
Aim: Crazy Yiuf, wielding a +2 quarterstaff of chaos and wearing a +0 cloak (hasn't noticed you)
The searing ray hits Crazy Yiuf.
Crazy Yiuf is moderately wounded.
Crazy Yiuf shouts! (Press . to maintain the ray.) Crazy Yiuf glowers.
Crazy Yiuf hits you with a +2 quarterstaff of chaos!
Ouch! That really hurt!
* * * LOW HITPOINT WARNING * * *
You are lethally poisoned!
The searing ray hits Crazy Yiuf.
Crazy Yiuf is moderately wounded.
* * * LOW HITPOINT WARNING * * *
You feel sick.
Crazy Yiuf says, "Gum!
Proton pontify poople."
Crazy Yiuf hits you with a +2 quarterstaff of chaos.
You die...

#...#.#
#....# #.##
#.#...
#...#.#
##..## #..#
#.#†#.
#...#.#
♣....♣ ##.#
#.#.## #
#(..#<#
♣...♣♣ #.#
#.#... #
#####.#
♣♣.♣♣
#.###.####
#######.####
♣.♣♣ #..##.#
'..........#
♣♣.♣ ##.##.#
###........#
♣.♣♣ #..#.#
# #........#
♣♣@♣
###.#'## #
#........#
#g# #......#
# #........#
... #......#
# #........#
#...#
#......# #
###.#'####
#..)#
####..## #
#.#.# #####
#.>#
#####.#.#
####
...##.#.#
...##.#.#


You could see Crazy Yiuf.

Vanquished Creatures
  Natasha (D:2)
  A worm (D:2)
  3 dart slugs (D:2)
  3 leopard geckos
  A giant cockroach (D:2)
  9 goblins
  6 hobgoblins
  4 bats
  4 frilled lizards
  4 kobolds
  12 rats
48 creatures vanquished.

Notes
Turn   | Place    | Note
-------+----------+-------------------------------------------
     0 | D:1      | poirepourri the Deep Elf Conjurer began the quest for the
                  | Orb.
     0 | D:1      | Reached XP level 1. HP: 10/10 MP: 6/6
   142 | D:1      | Reached skill level 4 in Spellcasting
   142 | D:1      | Reached XP level 2. HP: 15/15 MP: 6/9
   175 | D:1      | Learned a level 2 spell: Searing Ray
   664 | D:2      | Reached XP level 3. HP: 19/19 MP: 11/11
   682 | D:2      | Reached skill level 5 in Spellcasting
   733 | D:2      | Noticed Natasha
   738 | D:2      | Learned a level 3 spell: Dazzling Spray
   746 | D:2      | Killed Natasha
   854 | D:2      | Found a runed translucent door.
   855 | D:2      | Noticed Crazy Yiuf
  1128 | D:2      | Reached XP level 4. HP: 21/24 MP: 8/13
  1183 | D:2      | Reached skill level 6 in Spellcasting
  1474 | D:2      | Learned a level 4 spell: Iskenderun's Mystic Blast
  1479 | D:2      | Learned a level 4 spell: Force Lance
  1793 | D:2      | Slain by Crazy Yiuf

Skill      XL: |  1  2  3  4 |
---------------+-------------+-----
Spellcasting   | 4 5 6 |  6.2
Dodging        | |  2.4
Stealth        | |  2.4
Conjurations   | |  4.3

Action                   |  1- 3 |  4- 6 || total
-------------------------+-------+-------++-------
Melee: Dagger            |    10 |     9 ||    19
 Cast: Magic Dart        |    55 |    22 ||    77
       Searing Ray       |     3 |     2 ||     5
 Stab: Sleeping          |     1 |       ||     1
  Eat: Ration            |       |     1 ||     1
       Chunk             |       |     1 ||     1
Armor: Robe              |     5 |     1 ||     6
Dodge: Dodged            |    13 |     6 ||    19
